 Dungeon Crawl Stone Soup version 0.30-a0-4-ga7cffc901d (webtiles) character file.

Game seed: 17883097989456197917

74 Newt the Cutter (level 4, -2/33 HPs)
             Began as a Demonspawn Gladiator on Aug 20, 2022.
             Slain by a gnoll
             ... wielding a +0 club
              (8 damage)
             ... on level 2 of the Dungeon.
             The game lasted 00:03:37 (3065 turns).

Newt the Cutter (Demonspawn Gladiator)              Turns: 3065, Time: 00:03:38

Health: -2/33      AC:  4    Str: 16    XL:     4   Next: 10%
Magic:  4/4        EV: 12    Int:  9    God:
Gold:   96         SH:  0    Dex: 15    Spells: 3/3 levels left

rFire   . . .      SeeInvis .    l - +0 dagger (vamp)
rCold   . . .      Faith    .    (no shield)
rNeg    . . .      Spirit   .    b - +0 leather armour
rPois   .          Reflect  .    c - +0 helmet
rElec   .          Harm     .    (no cloak)
rCorr   .          Rampage  .    (no gloves)
Will    .....                    (no boots)
Stlth   ++........               (no amulet)
HPRegen 0.11/turn                (no ring)
MPRegen 0.09/turn                (no ring)

@: studying Axes
A: demonic magic 1
a: no special abilities


You were on level 2 of the Dungeon.
You visited 1 branch of the dungeon, and saw 3 of its levels.

You collected 96 gold pieces.

Inventory:

Hand Weapons
 a - a +0 rapier
 l - a +0 vampiric dagger (weapon)
Missiles
 d - a throwing net
 e - a javelin
 m - 2 silver javelins
 n - 37 stones (quivered)
 o - 3 boomerangs
 t - 6 poisoned darts
Armour
 b - a +0 leather armour (worn)
 c - a +0 helmet (worn)
 s - a +0 ring mail
Jewellery
 g - a +6 ring of strength
 h - an amulet of the acrobat
 r - a ring of resist corrosion
Wands
 q - a wand of roots (11)
Scrolls
 k - a scroll of silence {unknown}
Potions
 f - 3 potions of curing
 i - 3 potions of lignification
 j - a potion of haste {unknown}
 p - a potion of flight {unknown}


   Skills:
 - Level 2.0 Fighting
 - Level 4.0 Short Blades
 + Level 0.6 Axes
 - Level 1.7 Throwing
 - Level 2.6 Dodging
 - Level 2.0 Stealth


You had 3 spell levels left.
You didn't know any spells.
Your spell library was empty.

Dungeon Overview and Level Annotations

Branches:
Dungeon (3/15)

Altars:

Shops:
D:1 !

Annotations:
D:2 1 runed translucent door, Crazy Yiuf


Innate Abilities, Weirdness & Mutations

Spells you cast may paralyse adjacent enemies.


Message History

The gnoll attacks as you move away! The gnoll misses you.
You hit the gnoll.
You feel better.
The gnoll is lightly wounded.
The gnoll hits you with a +0 club. The gnoll barely misses you.
You hit the gnoll.
You feel better.
The gnoll is heavily wounded.
The gnoll hits you with a +0 club. The gnoll barely misses you.
You hit the gnoll.
The gnoll is heavily wounded.
The gnoll hits you from afar with a +0 spear.
The gnoll hits you with a +0 club. The gnoll hits you with a +0 spear.
There is an open door here.
You hit the gnoll.
You feel better.
The gnoll is heavily wounded.
Throw: 2 throwing nets
Press: ? - help, Shift-Dir - straight line, f - gnoll
Aim: a gnoll, wielding a +0 spear (63% to hit)
You throw a throwing net. The throwing net hits the gnoll.
The gnoll is caught in the net!
The gnoll hits you with a +0 club.
* * * LOW HITPOINT WARNING * * *
The gnoll struggles against the net.
You hit the gnoll but do no damage.
The gnoll is heavily wounded.
The gnoll hits you with a +0 club.
* * * LOW HITPOINT WARNING * * *
The gnoll struggles against the net.
Unknown command.
You hit the gnoll.
The gnoll is almost dead.
The gnoll misses you.
The gnoll struggles against the net.
Unknown command.
You hit the gnoll but do no damage.
The gnoll is almost dead.
The gnoll closely misses you.
The gnoll struggles against the net.
Unknown command.
You closely miss the gnoll.
The gnoll is severely wounded.
The gnoll hits you with a +0 club!
You die...

...#########.#.#
#...''.....##### <..#
#........###...##....)# #.
...#
#.####.#........#.....####[
...#
#.####.###.###..#.####.....
..## #......#
#.###..#......#... .##
#..##### #..##.[#....###...
## ###..########.##.......#
#... #
#...........#.##....)..# #...
#
#...........@g....#....###...
#
#...####...g###...#....#...).
# ###.# #....#
#.###....#..... # #.# #....#
#.# #....#..... # #.# ##...#
#.# #....#..... #.# ##.## #.#
#.####..... #######.# ##.#
#.###.# #..... ........# #.##
#.....# #..... ######### ##.#
#.##### #.....


You could see 2 gnolls.

Vanquished Creatures
  An adder (D:2)
  A worm (D:2)
  A dart slug (D:2)
  5 ball pythons
  5 endoplasms
  A giant cockroach (D:1)
  3 goblins
  10 hobgoblins
  5 jackals
  4 quokkas
  2 bats
  A frilled lizard (D:1)
  7 kobolds
  5 rats (D:1)
51 creatures vanquished.

Notes
Turn   | Place    | Note
-------+----------+-------------------------------------------
     0 | D:1      | Newt the Demonspawn Gladiator began the quest for the Orb.
     0 | D:1      | Reached XP level 1. HP: 16/16 MP: 1/1
   263 | D:1      | Reached skill level 1 in Stealth
   408 | D:1      | Gained mutation: Spells you cast may paralyse adjacent
                  | enemies. [demonic ancestry]
   408 | D:1      | Reached XP level 2. HP: 22/22 MP: 2/2
   561 | D:1      | Found Puic's Distillery.
   773 | D:1      | Reached skill level 3 in Short Blades
  1089 | D:1      | Reached XP level 3. HP: 22/27 MP: 3/3
  2276 | D:2      | Identified a scroll of acquirement
  2276 | D:2      | Acquired a manual of Axes
  2563 | D:2      | Found a runed translucent door.
  2564 | D:2      | Noticed Crazy Yiuf
  2771 | D:2      | Reached XP level 4. HP: 33/33 MP: 4/4
  2796 | D:2      | Reached skill level 4 in Short Blades
  3065 | D:2      | Slain by a gnoll

Illustrated notes

Levels and vault maps discovered:
D:1:      dpeg_arrival_rooms_with_view, layout_basic, serial_shops, shop,
          minmay_small_reverse_x
D:2:      layout_basic, grunt_ministairs_9, dreamdust_princess_corridor,
          uniq_crazy_yiuf_cottage
D:3:      layout_basic, serial_corexii_hall, corexii_hall_statues_l,
          corexii_hall_statues_i, corexii_hall_statues_s,
          chequers_hall_statues_wall_a, corexii_hall_statues_u,
          chequers_hall_statues_wall_a, minmay_goblin_kobold_house

Skill      XL: |  1  2  3  4 |
---------------+-------------+-----
Stealth        | 1 2 |  2.0
Short Blades   | 3 4 |  4.0
Fighting       | |  2.0
Axes           | |  0.6
Throwing       | |  1.7
Dodging        | |  2.6

Action                   |  1- 3 |  4- 6 || total
-------------------------+-------+-------++-------
Melee: Rapier            |   136 |       ||   136
       Dagger            |    32 |    50 ||    82
       Punch             |     1 |       ||     1
Throw: Throwing net      |     2 |     1 ||     3
       Stone             |       |     1 ||     1
  Use: Scroll            |     5 |       ||     5
 Stab: Sleeping          |     4 |       ||     4
Armor: Leather armour    |    46 |    11 ||    57
Dodge: Dodged            |    80 |    36 ||   116

Table legend: (Time is in decaauts)
 A = Elapsed time spent in this place.
 B = Non-inter-level travel time spent in this place.
 C = Inter-level travel time spent in this place.
 D = Time resting spent in this place.
 E = Time spent auto-exploring this place.
 F = Levels seen in this place.
 G = Mean time per level.
                   A        B        C        D        E       F      G
               +--------+--------+--------+--------+--------+-----+--------+
         Total |   3056 |   2926 |    130 |    894 |   1567 |   3 | 1018.7 |
       Dungeon |   3056 |   2926 |    130 |    894 |   1567 |   3 | 1018.7 |
               +--------+--------+--------+--------+--------+-----+--------+

Top non-repeatable levels by time:
     D:1: 1553 daAuts
     D:2: 1416 daAuts
     D:3: 85 daAuts
